 Dungeon Crawl Stone Soup version bcrawl-1.36.4 (webtiles) character file.

Game seed: 484000800601557170

100831 jojo4K the Cudgeler (level 3, -1/23 HPs)
             Began as a Gargoyle Berserker on Aug 19, 2022.
             Was a Follower of Trog.
             Slain by an adder (3 damage)
             ... on level 2 of the Dungeon.
             The game lasted 00:01:35 (1353 turns).

jojo4K the Cudgeler (Gargoyle Berserker)            Turns: 1353, Time: 00:01:35

Health: -1/23      AC:  5    Str: 21    XL:     3   Next: 33%
Magic:  3/3        EV:  9    Int:  7    God:    Trog [*.....]
Gold:   73         SH:  0    Dex:  9    Spells: 2/2 levels left

rFire    . . .     SeeInvis .   a - +0 mace
rCold    . . .     Gourm    .   (no shield)
rNeg     + . .     Faith    .   b - +0 animal skin
rPois    ∞         Spirit   .   (no helmet)
rElec    +         Reflect  .   (no cloak)
rCorr    .                      (no gloves)
MR       .....                  (no boots)
Stlth    +.........             (no amulet)
HPRegen  0.07/turn              (no ring)
MPRegen  0.08/turn              (no ring)

@: constricted
A: negative energy resistance 1, electricity resistance, unbreathing,
petrification resistance, rot immunity, AC +3
a: Berserk, Renounce Religion


You were on level 2 of the Dungeon.
You worshipped Trog.
Trog was aware of your devotion.
You were hungry.

You visited 1 branch of the dungeon, and saw 2 of its levels.

You collected 73 gold pieces.

Inventory:

Hand Weapons
 a - a +0 mace (weapon)
Armour
 b - a +0 animal skin (worn)
Jewellery
 f - a +3 ring of protection {unknown}
 k - a cursed amulet of inaccuracy {unknown}
Scrolls
 c - a scroll of remove curse {unknown}
 h - a scroll of teleportation {unknown}
 i - 2 scrolls of identify
Potions
 d - 2 potions of ambrosia {unknown}
 g - a potion of might {unknown}
 j - a potion of curing {unknown}
Comestibles
 e - 4 rations {!d}
 l - 2 chunks of flesh


   Skills:
 - Level 3.2 Fighting
 + Level 3.7 Maces & Flails
 + Level 3.2 Armour
 - Level 1.5 Dodging


You had 2 spell levels left.
You didn't know any spells.
Your spell library was empty.

Dungeon Overview and Level Annotations

Branches:
Dungeon (2/12)

Altars:


Innate Abilities, Weirdness & Mutations

You are resistant to torment.
Your stone body is resilient. (AC +3)
You are immune to poison.
You resist negative energy. (rN+)
You are resistant to electric shocks. (rElec)
You can survive without breathing.
You are immune to petrification.
You are immune to rotting.


Message History

You are feeling hungry.
The ball python bites you but does no damage.
The ball python constricts you. The adder bites you.
The kobold hits you with a +0 falchion.
* * * LOW HITPOINT WARNING * * *
The ball python barely misses you. The ball python constricts you.
You hit the kobold.
The kobold is severely wounded.
The adder bites you.
* * * LOW HITPOINT WARNING * * *
The ball python bites you but does no damage.
* * * LOW HITPOINT WARNING * * *
The ball python constricts you. The kobold closely misses you.
The adder barely misses you.
You hit the kobold.
You kill the kobold!
Trog accepts your kill. The ball python barely misses you.
The ball python constricts you. The adder bites you.
You die...

....#.#..........
....#.#.........
.(.##.#......#
...##.#......#
...'......#.##
...##.###.#.####### $
#.......#.........# ...
......#.#.......S.#.....
......#.#...†...@)......
......# #........S#.....
#.#...# #.........# ...
#.#...# #.........# # ..
#..†......# #...........
#+##....##... .....# ...
....!#


You could see an adder and a ball python.

Vanquished Creatures
  A worm (D:2)
  A dart slug (D:1)
  A ball python (D:1)
  3 giant cockroaches
  4 goblins (D:1)
  4 hobgoblins
  A quokka (D:2)
  3 bats
  2 frilled lizards
  4 kobolds
  5 rats
29 creatures vanquished.

Notes
Turn   | Place    | Note
-------+----------+-------------------------------------------
     0 | D:1      | jojo4K the Gargoyle Berserker began the quest for the Orb.
     0 | D:1      | Reached XP level 1. HP: 14/14 MP: 1/1
   195 | D:1      | Reached XP level 2. HP: 19/19 MP: 2/2
  1159 | D:2      | Reached XP level 3. HP: 21/23 MP: 3/3
  1353 | D:2      | Slain by an adder

Skill      XL: |  1  2 |
---------------+-------+-----
Armour         | 3 |  3.2
Fighting       | |  3.2
Maces & Flails | |  3.7
Dodging        | |  1.5

Action                   || total
-------------------------++-------
Melee: Mace              ||   101
 Stab: Sleeping          ||     1
  Eat: Chunk             ||     4
Armor: Animal skin       ||    47
Dodge: Dodged            ||    71
